 Dungeon Crawl Stone Soup version 0.24-a0-463-g3510def36b (webtiles) character file.

Game seed: 278106609312494876

64 vurker the Caller (level 4, -2/32 HPs)
             Began as a Gnoll Summoner on July 2, 2019.
             Slain by an adder (3 damage)
             ... on level 3 of the Dungeon.
             The game lasted 00:04:23 (2662 turns).

vurker the Caller (Gnoll Summoner)                  Turns: 2662, Time: 00:04:24

Health: -2/32      AC:  2    Str: 10    XL:     4   Next: 12%
Magic:  4/8        EV: 15    Int: 18    God:
Gold:   82         SH:  0    Dex: 16    Spells: 10/13 levels left

rFire    . . .     SeeInvis .   i - +0 dagger
rCold    . . .     Gourm    .   (no shield)
rNeg     + . .     Faith    .   a - +0 robe
rPois    .         Spirit   .   (no helmet)
rElec    .         Reflect  .   (no cloak)
rCorr    .         Harm     .   (no gloves)
MR       .....                  (no boots)
Stlth    +++.......             (no amulet)
HPRegen  0.10/turn              g - ring of positive energy
MPRegen  0.11/turn              (no ring)

@: lethally poisoned (-2 -> -4), slightly contaminated
A: distributed training, fangs 1, low mp 2, strong nose
a: no special abilities


You were on level 3 of the Dungeon.
You were not hungry.

You visited 1 branch of the dungeon, and saw 3 of its levels.

You collected 82 gold pieces.

Inventory:

Hand Weapons
 i - a +0 dagger (weapon)
   (You took it off a kobold on level 1 of the Dungeon)
Armour
 a - a +0 robe (worn)
 o - a +1 pair of gloves
   (You found it on level 3 of the Dungeon)
Jewellery
 g - a ring of positive energy (left hand)
   (You found it on level 1 of the Dungeon)
 j - an uncursed amulet of harm {unknown}
   (You found it on level 2 of the Dungeon)
Scrolls
 b - 3 scrolls of remove curse {unknown}
 d - 4 scrolls of identify {unknown}
 f - a scroll of teleportation {unknown}
 l - 3 scrolls of amnesia {unknown}
 m - a scroll of fear {unknown}
Potions
 c - 2 potions of cancellation {unknown}
 h - a potion of resistance {unknown}
 k - a potion of degeneration {unknown}
 n - a potion of flight {unknown}
Comestibles
 e - 6 rations {!d}
 p - 8 chunks of flesh


   Skills:
 + Level 1.0 Fighting
 + Level 1.0 Short Blades
 + Level 1.0 Long Blades
 + Level 1.0 Axes
 + Level 1.0 Maces & Flails
 + Level 1.0 Polearms
 + Level 1.0 Staves
 + Level 1.0 Slings
 + Level 1.0 Bows
 + Level 1.0 Crossbows
 + Level 1.0 Throwing
 + Level 1.0 Armour
 + Level 4.6 Dodging
 + Level 4.2 Stealth
 + Level 1.0 Shields
 + Level 1.0 Unarmed Combat
 + Level 5.0 Spellcasting
 + Level 0.7 Conjurations
 + Level 0.7 Hexes
 + Level 0.7 Charms
 + Level 7.1 Summonings
 + Level 0.7 Necromancy
 + Level 0.7 Translocations
 + Level 0.7 Transmutations
 + Level 0.7 Fire Magic
 + Level 0.7 Ice Magic
 + Level 0.7 Air Magic
 + Level 0.7 Earth Magic
 + Level 0.7 Poison Magic
 + Level 1.1 Invocations
 + Level 1.0 Evocations


You had 10 spell levels left.
You knew the following spells:

 Your Spells              Type           Power        Failure   Level  Hunger
a - Summon Small Mammal   Summ           ####         1%          1    None
b - Call Imp              Summ           ####....     1%          2    #......

Your spell library contained the following spells:

 Spells                   Type           Power        Failure   Level  Hunger
 Call Canine Familiar     Summ           ####....     2%          3    ##.....
 Summon Guardian Golem    Hex/Summ       ###.....     8%          3    ##.....
 Summon Ice Beast         Ice/Summ       ###.....     26%         4    ####...
 Summon Lightning Spire   Summ/Air       ###.....     26%         4    ####...


Dungeon Overview and Level Annotations

Branches:
Dungeon (3/15)

Altars:


Innate Abilities, Weirdness & Mutations

Your experience applies equally to all skills.
You have very sharp teeth.
Your uncanny sense of smell can sniff out nearby items.
Your magical capacity is very low. (-20% MP)


Message History

You hit the adder. The gnoll completely misses you.
The adder completely misses you.
Your crimson imp closely misses the gnoll.
You miss the adder.
The gnoll hits you from afar with a +0 spear.
The adder misses you. The gnoll misses you.
Your crimson imp hits the gnoll.
You closely miss the adder. The adder closely misses you.
Your crimson imp barely misses the adder.
The gnoll hits you from afar with a +0 spear.
The gnoll hits you but does no damage.
You miss the adder. You bite the adder. The adder completely misses you.
Your crimson imp barely misses the gnoll.
Your crimson imp completely misses the adder.
The gnoll hits you from afar with a +0 spear!
The gnoll hits you with a +0 whip.
* * * LOW HITPOINT WARNING * * *
The adder barely misses you.
Your crimson imp hits the gnoll.
Your crimson imp closely misses the adder.
The gnoll hits your crimson imp with a +0 spear.
Your crimson imp hits the gnoll.
Your crimson imp barely misses the adder.
The gnoll closely misses your crimson imp.
The adder bites you.
* * * LOW HITPOINT WARNING * * *
You are poisoned.
The adder poisons you!
You feel sick.
Your crimson imp hits the gnoll but does no damage.
The gnoll closely misses your crimson imp.
The adder barely misses you.
Your crimson imp hits the adder.
The gnoll misses your crimson imp.
A beastly little devil appears in a puff of frigid air.
Your crimson imp barely misses the adder.
The gnoll hits you from afar with a +0 spear.
* * * LOW HITPOINT WARNING * * *
The adder barely misses you.
You feel sick.
Your crimson imp misses the adder.
Your white imp hits the gnoll.
Your white imp freezes the gnoll.
You aren't carrying any items that you can evoke.
Unknown command.
Your crimson imp barely misses the gnoll.
The gnoll barely misses your crimson imp.
The adder closely misses you.
You hit the adder. Your bite misses the adder.
Your crimson imp hits the gnoll.
Your crimson imp barely misses the gnoll.
The gnoll hits you from afar with a +0 spear!
* * * LOW HITPOINT WARNING * * *
The adder bites you.
You die...

##### #######...
.............################
..>..........................
............@#####......##.#)
......#####S## #......##.#.
......#####g### #......##.#.
..........g5..# #......##.#.
...).....5..5.# #......##.#.
..............# ######.##.#.
#####.........# #.##...
#...###.### ..>.... #...# #.#
....


You could see 2 gnolls, an adder and 2 friendly crimson imps.

Vanquished Creatures
  A dart slug (D:1)
  A leopard gecko (D:1)
  3 ball pythons
  3 giant cockroaches (D:1)
  3 goblins
  A hobgoblin (D:1)
  A jackal (D:1)
  5 bats
  2 frilled lizards
  7 kobolds
  5 rats
32 creatures vanquished.

Vanquished Creatures (collateral kills)
  A gnoll (D:3)
  An adder (D:2)
  2 leopard geckos (D:1)
  An orc (D:3)
  2 goblins
  3 hobgoblins
  5 jackals
  3 frilled lizards (D:1)
18 creatures vanquished.

Grand Total: 50 creatures vanquished

Notes
Turn   | Place    | Note
-------+----------+-------------------------------------------
     0 | D:1      | vurker the Gnoll Summoner began the quest for the Orb.
     0 | D:1      | Reached XP level 1. HP: 13/13 MP: 6/6
   185 | D:1      | Reached XP level 2. HP: 3/19 MP: 4/7
   446 | D:1      | Learned a level 2 spell: Call Imp
  1163 | D:1      | Reached XP level 3. HP: 25/25 MP: 9/9
  1201 | D:1      | Reached skill level 5 in Spellcasting
  1933 | D:2      | Reached skill level 1 in Invocations
  2522 | D:3      | Reached skill level 1 in Fighting
  2522 | D:3      | Reached skill level 1 in Short Blades
  2522 | D:3      | Reached skill level 1 in Long Blades
  2522 | D:3      | Reached skill level 1 in Axes
  2522 | D:3      | Reached skill level 1 in Maces & Flails
  2522 | D:3      | Reached skill level 1 in Polearms
  2522 | D:3      | Reached skill level 1 in Staves
  2522 | D:3      | Reached skill level 1 in Slings
  2522 | D:3      | Reached skill level 1 in Bows
  2522 | D:3      | Reached skill level 1 in Crossbows
  2522 | D:3      | Reached skill level 1 in Throwing
  2522 | D:3      | Reached skill level 1 in Armour
  2522 | D:3      | Reached skill level 1 in Shields
  2522 | D:3      | Reached skill level 1 in Unarmed Combat
  2522 | D:3      | Reached skill level 1 in Evocations
  2556 | D:3      | Reached XP level 4. HP: 29/32 MP: 11/11
  2557 | D:3      | Gained mutation: Your magical capacity is low. (-10% MP)
                  | [mutagenic glow]
  2578 | D:3      | Gained mutation: Your magical capacity is very low. (-20%
                  | MP) [mutagenic glow]
  2662 | D:3      | HP: 1/32 [gnoll/+0 spear (9)]
  2662 | D:3      | Slain by an adder

Levels and vault maps discovered:
D:1:      zelgadis_glass_arrival_small, layout_loops_ring, nrook_campfire
D:2:      layout_loops_cross
D:3:      layout_basic

Skill      XL: |  1  2  3 |
---------------+----------+-----
Spellcasting   | 5 |  5.0
Invocations    | 1 |  1.1
Fighting       | 1 |  1.0
Short Blades   | 1 |  1.0
Long Blades    | 1 |  1.0
Axes           | 1 |  1.0
Maces & Flails | 1 |  1.0
Polearms       | 1 |  1.0
Staves         | 1 |  1.0
Slings         | 1 |  1.0
Bows           | 1 |  1.0
Crossbows      | 1 |  1.0
Throwing       | 1 |  1.0
Armour         | 1 |  1.0
Shields        | 1 |  1.0
Unarmed Combat | 1 |  1.0
Evocations     | 1 |  1.0
Dodging        | |  4.6
Stealth        | |  4.2
Conjurations   | |  0.7
Hexes          | |  0.7
Charms         | |  0.7
Summonings     | |  7.1
Necromancy     | |  0.7
Translocations | |  0.7
Transmutations | |  0.7
Fire Magic     | |  0.7
Ice Magic      | |  0.7
Air Magic      | |  0.7
Earth Magic    | |  0.7
Poison Magic   | |  0.7

Action                   |  1- 3 |  4- 6 || total
-------------------------+-------+-------++-------
Melee: Unarmed           |    11 |       ||    11
       Short sword       |    47 |       ||    47
       Bite              |    15 |     2 ||    17
       Dagger            |   115 |    13 ||   128
       Punch             |       |     1 ||     1
 Cast: Summon Small Mamm |     9 |       ||     9
       Call Imp          |     6 |     4 ||    10
 Stab: Sleeping          |     5 |       ||     5
  Eat: Chunk             |     5 |     1 ||     6
Armor: Robe              |    29 |     4 ||    33
Dodge: Dodged            |   181 |    23 ||   204

Table legend:
 A = Non-vault XP
 B = Vault XP
 C = Vault XP percentage of total XP
 D = Non-vault monster count
 E = Vault monster count
 F = Vault count percentage of total count
                 A         B        C        D         E       F
            +---------+---------+-------+---------+---------+-------
      Total |      92 |       0 |   0.0 |      50 |       0 |   0.0
            +---------+---------+-------+---------+---------+-------
        D:1 |      47 |       0 |   0.0 |      29 |       0 |   0.0
        D:2 |      27 |       0 |   0.0 |      15 |       0 |   0.0
        D:3 |      18 |       0 |   0.0 |       6 |       0 |   0.0
            +---------+---------+-------+---------+---------+-------
